AoeStats
← JROCK

Arena

507903375Analyzed
3v3 RM · 11d ago on Sep 20, 2026· 83m 45s· 6 players
Game mode
Random Map
Map size
Normal (6 player)
Population
200
Speed
Normal
Resources
Standard
Victory
Conquest
Starting age
Dark Age
Ending age
Imperial Age
RankedLock teamsTeams togetherTeam positionsShared explorationLock speedFull tech treeHidden civsTurbo modeCheats
Victory
Defeat
🇺🇸 Khitans · United States
1497
+9
🇺🇸 Magyars · United States
1356
+14
🇺🇸 Hindustanis · United States
1323
+15
🇦🇷 Persians · Argentina
1344
-14
🇲🇽 Vietnamese · Mexico
1324
-13
🇺🇸 Maya · United States
1279
-11
DirtySanchez~
8:33 Loom
10:18 Feudal Age
10:24 Feudal Age
14:12 Castle Age
13:00 Double-Bit Axe
12:58 Horse Collar
18:16 Loom
20:52 Bow Saw
21:37 Heavy Plow
22:53 Wheelbarrow
25:16 Gold Mining
25:20 Stone Mining
27:02 Hand Cart
26:32 Town Watch
29:27 Imperial Age
27:51 Bloodlines
27:41 Husbandry
27:48 Scale Barding Armor
27:54 Forging
29:36 Chain Barding Armor
29:41 Town Patrol
30:21 Stone Shaft Mining
30:25 Gold Shaft Mining
30:21 Conscription
31:11 Citadels
30:36 Elite War Elephant
34:20 Ballistics
34:09 Fletching
34:55 Plate Barding Armor
36:19 Light Cavalry
37:36 Iron Casting
37:11 Hussar
38:30 Devotion
41:25 Blast Furnace
45:47 Faith
52:36 Kamandaran
52:34 Bodkin Arrow
52:39 Padded Archer Armor
53:20 Crossbowman
54:38 Thumb Ring
55:47 Chemistry
58:07 Leather Archer Armor
69:07 Masonry
68:59 Murder Holes
74:00 Caravan
82:19 Squires
82:05 Gambesons
82:23 Scale Mail Armor
fidel castrate
0:26 Loom
9:39 Feudal Age
15:02 Castle Age
14:25 Gold Mining
14:42 Fletching
14:50 Horse Collar
16:13 Double-Bit Axe
17:21 Padded Archer Armor
22:22 Heavy Plow
23:34 Wheelbarrow
24:50 Bow Saw
26:19 Hand Cart
26:08 Town Watch
30:46 Imperial Age
30:05 Scale Mail Armor
31:23 Forging
31:36 Crossbowman
32:14 Bodkin Arrow
34:20 Two-Man Saw
32:52 Pikeman
32:53 Eagle Warrior
33:42 Squires
34:42 Chain Mail Armor
35:03 Iron Casting
35:28 Iron Casting
35:16 Halberdier
37:09 Elite Eagle Warrior
40:50 Conscription
41:36 Holcans
41:58 Plate Mail Armor
43:24 Blast Furnace
46:10 Arson
52:31 Thumb Ring
54:40 Crop Rotation
55:12 Two-Man Saw
55:07 Hoardings
58:46 Bracer
60:26 Elite Plumed Archer
60:39 Elite Skirmisher
65:57 Capped Ram
68:33 Ballistics
71:15 Imperial Skirmisher
73:08 Masonry
74:05 Leather Archer Armor
75:12 Architecture
75:05 Caravan
81:47 Chemistry
80:46 Siege Ram
DavidJim02
8:49 Loom
10:47 Feudal Age
12:28 Double-Bit Axe
15:18 Castle Age
13:18 Horse Collar
15:10 Wheelbarrow
16:53 Bow Saw
18:30 Heavy Plow
22:25 Gold Mining
24:08 Hand Cart
23:38 Town Watch
24:34 Stone Mining
25:22 Pikeman
26:05 Town Patrol
28:48 Imperial Age
26:42 Scale Mail Armor
26:55 Forging
27:33 Stone Shaft Mining
27:36 Ballistics
29:29 Thumb Ring
29:51 Fletching
30:02 Padded Archer Armor
31:05 Chemistry
31:17 Two-Man Saw
30:50 Crop Rotation
29:52 Elite Skirmisher
31:13 Bodkin Arrow
31:35 Leather Archer Armor
31:56 Chain Mail Armor
32:17 Iron Casting
31:14 Imperial Skirmisher
32:50 Bracer
33:22 Plate Mail Armor
33:18 Halberdier
33:58 Squires
34:30 Ring Archer Armor
34:05 Arson
37:40 Hoardings
38:43 Elite Rattan Archer
50:53 Scale Barding Armor
50:32 Heavy Cavalry Archer
51:44 Bloodlines
51:34 Husbandry
52:05 Husbandry
51:26 Light Cavalry
59:58 Chain Barding Armor
60:58 Paper Money
64:02 Siege Engineers
68:57 Plate Barding Armor
77:56 Caravan
78:26 Coinage
Bandit
10:57 Feudal Age
14:33 Castle Age
12:42 Double-Bit Axe
12:39 Domestication
15:40 Bow Saw
16:04 Pastoralism
19:23 Wheelbarrow
26:18 Imperial Age
23:56 Loom
24:28 Town Watch
25:13 Hand Cart
25:43 Scale Barding Armor
25:48 Husbandry
26:15 Forging
27:12 Chain Barding Armor
27:04 Elite Steppe Lancer
28:21 Transhumance
28:27 Husbandry
29:42 Plate Barding Armor
30:01 Iron Casting
31:12 Two-Man Saw
30:07 Heavy Camel Rider
30:19 Capped Ram
34:29 Town Patrol
35:19 Illumination
35:35 Theocracy
35:22 Sanctity
38:43 Fervor
38:19 Siege Ram
39:39 Coinage
39:19 Guilds
40:25 Fletching
40:35 Padded Archer Armor
40:57 Ballistics
41:38 Chemistry
41:10 Banking
41:19 Bodkin Arrow
42:08 Ordo Cavalry
42:24 Conscription
44:01 Bracer
43:51 Treadmill Crane
44:48 Gold Mining
44:41 Pikeman
45:21 Squires
45:23 Scale Mail Armor
45:21 Arson
45:45 Light Cavalry
47:16 Chain Mail Armor
46:41 Hussar
48:57 Murder Holes
51:19 Plate Mail Armor
51:27 Caravan
53:18 Leather Archer Armor
53:51 Elite Skirmisher
54:36 Thumb Ring
55:04 Ring Archer Armor
57:25 Heavy Cavalry Archer
58:31 Parthian Tactics
60:22 Fortified Wall
60:02 Guard Tower
60:23 Masonry
62:13 Elite Fire Lancer
64:29 Gambesons
67:15 Heavy Rocket Cart
68:39 Lamellar Armor
70:16 Siege Engineers
81:16 Heated Shot
JROCK
10:29 Feudal Age
14:41 Castle Age
13:15 Double-Bit Axe
13:11 Horse Collar
16:27 Bow Saw
20:25 Wheelbarrow
20:21 Gold Mining
20:44 Heavy Plow
23:18 Stone Mining
24:08 Gold Shaft Mining
24:59 Hand Cart
27:47 Imperial Age
25:15 Loom
25:57 Stone Mining
27:32 Fletching
30:12 Chemistry
29:50 Conscription
30:10 Bodkin Arrow
29:58 Elite Skirmisher
31:43 Padded Archer Armor
34:02 Two-Man Saw
33:18 Bracer
33:57 Fervor
34:12 Block Printing
34:39 Padded Archer Armor
35:17 Thumb Ring
35:52 Gold Shaft Mining
36:49 Caravan
36:49 Town Watch
39:24 Heavy Camel Rider
40:17 Bloodlines
40:08 Husbandry
41:03 Illumination
49:02 Shatagni
51:31 Siege Elephant
54:41 Siege Engineers
54:58 Ballistics
55:49 Grand Trunk Road
56:26 Hoardings
63:55 Redemption
70:00 Fortified Wall
d34dm4n
11:07 Feudal Age
12:39 Wheelbarrow
15:14 Castle Age
14:01 Double-Bit Axe
13:57 Horse Collar
16:41 Heavy Plow
17:18 Bow Saw
21:31 Hand Cart
29:44 Imperial Age
27:26 Fletching
27:37 Padded Archer Armor
27:48 Corvinian Army
29:06 Town Watch
30:02 Loom
30:54 Conscription
31:13 Parthian Tactics
30:09 Heavy Cavalry Archer
31:41 Thumb Ring
32:57 Chemistry
32:30 Scale Barding Armor
32:21 Bodkin Arrow
33:51 Gold Mining
33:29 Elite Magyar Huszar
36:47 Bracer
37:02 Leather Archer Armor
38:37 Two-Man Saw
38:15 Crop Rotation
39:07 Hoardings
39:04 Recurve Bow
39:26 Chain Barding Armor
39:36 Ring Archer Armor
44:04 Plate Barding Armor
45:06 Murder Holes
45:09 Pikeman
47:25 Ballistics
47:20 Masonry
48:08 Halberdier
49:25 Halberdier
53:14 Caravan
54:48 Siege Engineers
55:56 Scale Mail Armor
62:45 Stone Mining
64:21 Arson
66:08 Gold Shaft Mining
73:30 Chain Mail Armor
77:22 Town Patrol
83:25 Coinage
83:29 Sappers
83:35 Sappers
84:10 Heated Shot
84:01 Treadmill Crane
83:43 Elite Skirmisher
83:43 Crossbowman
Connection lost

Rejoining the realm…

Still unreachable

The connection could not be restored.

Session expired

The server has moved on; the page needs a fresh start.